 Dungeon Sprint DCSS version 0.31-a0-876-gfe8ebadbca (webtiles) character file.

Game seed: 7738582408389330248

102 sircluck the Ruffian (level 4, -4/50 HPs)
             Began as a Troll Berserker on Oct 13, 2023.
             Was a Priest of Trog.
             Drowned by a water elemental (6 damage)
             ... in the Dungeon (Sprint III: "The Ten Rune Challenge").
             The game lasted 00:00:49 (137 turns).

sircluck the Ruffian (Troll Berserker)               Turns: 137, Time: 00:00:50

Health: -4/50      AC:  4    Str: 25    XL:     4   Next: 49%
Magic:  2/2        EV: 11    Int:  6    God:    Trog [***...]
Gold:   16         SH:  0    Dex: 12    Spells: 3/3 levels left

rFire   . .          .
                       - Unarmed
rCold   . . .        (no shield)
rNeg    . . .        a - +0 animal skin
rPois   .            (helmet restricted)
rElec   .            (no cloak)
rCorr   .            (gloves unavailable)
SInv    .            (boots unavailable)
Will    .....        (no amulet)
Stlth   +            (no ring)
HPRegen 1.08/turn    (no ring)
MPRegen 0.08/turn

%: no teleportation
@: engulfed (cannot breathe)
A: large, unfitting armour, claws 3, regeneration 1, shaggy fur 1, tough skin 1,
agile 1, clever 1, low MP 1
a: Renounce Religion, Berserk, Trog's Hand


You were in the Dungeon.
You worshipped Trog.
Trog was most pleased with you.
You visited 1 branch You collected 16 gold pieces.

Inventory:

Armour
 a - a +0 animal skin (worn)
Scrolls
 g - a scroll of blinking
 h - a scroll of vulnerability {unknown}
 j - 2 scrolls of poison {unknown}
 l - a scroll of immolation {unknown}
 m - a scroll of identify {unknown}
Potions
 b - a potion of curing
 c - a potion of heal wounds
 d - a potion of haste
 e - 2 potions of magic
 f - a potion of berserk rage
 k - a potion of lignification {unknown}
 n - 2 potions of enlightenment


   Skills:
 + Level 5.0 Fighting
 + Level 4.9 Dodging
 + Level 5.9 Unarmed Combat


You had 3 spell levels left.
You didn't know any spells.
Your spell library was empty.

Dungeon Overview and Level Annotations

Branches:
Dungeon (1/1)

Altars:


Innate Abilities, Weirdness & Mutations

You are too large for most types of armour.
You have claws for hands.
Your natural rate of healing is unusually fast.
You are covered in fur. (AC +1)
You have tough skin. (AC +1)
You are agile. (Dex +4, Str/Int -1)
Your mind is acute. (Int +4, Str/Dex -1)
Your magical capacity is low. (-10% MP)


Message History

You feel more energetic.
Your toenails lengthen and sharpen.
You feel extremely strange.
Your talons dull and shrink into feet.
You feel less energetic.
You feel clever.
You feel agile.
There is an open door here.
You enter the shallow water.
You see here a scorpion corpse.
You open the door.
There is an open door to the Ecumenical Temple here.
The water elemental hits you!
The water elemental engulfs you in water!
You claw the water elemental!
The water elemental is severely damaged.
Your lungs strain for air!
The water elemental barely misses you.
You scratch the water elemental but do no damage.
The water elemental is severely damaged.
Your lungs strain for air!
The water elemental closely misses you.
You barely miss the water elemental.
The water elemental is severely damaged.
Your lungs strain for air!
The water elemental hits you!!
* * * LOW HITPOINT WARNING * * *
You are too injured to fight recklessly!
You are too injured to fight recklessly!
You are too injured to fight recklessly!
You are too injured to fight recklessly!
You are too injured to fight recklessly!
You are too injured to fight recklessly!
You scratch the water elemental.
The water elemental is almost destroyed.
* * * LOW HITPOINT WARNING * * *
Your lungs strain for air!
The water elemental misses you.
Unknown command.
Unknown command.
You barely miss the water elemental.
The water elemental is almost destroyed.
You die...

▓▓▓▓▓ ▓▓▓ ....♣ ♣.#
....♣ ♣.# ....♣♣ ♣♣.#
...~.♣♣♣..###+#+###+##
..~†♣♣.♣♣.#.....@E...#
.~~~~.♣.♣.'.⌠........#
.~≈≈~~~♣..#...######+#
~~≈~~~....#.⌠.#
~≈~~~.....#...#
~~~.......#+###
..........#
..........#
▓▓▓▓▓▓▓▓▓▓▓


You could see a water elemental.

Vanquished Creatures
  A scorpion (D)
  Jessica (D)
  A human (D)
  3 rats (D)
6 creatures vanquished.

Notes
Turn   | Place    | Note
-------+----------+-------------------------------------------
     0 | D        | sircluck the Troll Berserker began the quest for the Orb.
     0 | D        | Reached XP level 1. HP: 22/22 MP: 0/0
    12 | D        | Noticed Jessica
    14 | D        | Reached ** piety under Trog
    19 | D        | Killed Jessica
    20 | D        | Reached XP level 2. HP: 17/32 MP: 1/1
    59 | D        | Reached XP level 3. HP: 34/39 MP: 2/2
    65 | D        | Noticed a scorpion
    78 | D        | Killed a scorpion
    78 | D        | Reached *** piety under Trog
    79 | D        | Reached skill level 5 in Fighting
    79 | D        | Reached skill level 5 in Unarmed Combat
    79 | D        | Reached XP level 4. HP: 50/50 MP: 3/3
    84 | D        | Noticed a water elemental
   107 | D        | Gained mutation: You are weak. (Str -2) [potion of
                  | mutation]
   107 | D        | Gained mutation: You are strong-willed. (Will+) [potion of
                  | mutation]
   107 | D        | Gained mutation: You have hidden genetic potential. [potion
                  | of mutation]
   108 | D        | Lost mutation: You have hidden genetic potential. [potion
                  | of mutation]
   108 | D        | Lost mutation: You are strong-willed. (Will+) [potion of
                  | mutation]
   108 | D        | Gained mutation: You are partially covered in iridescent
                  | scales. (AC +2) [potion of mutation]
   108 | D        | Gained mutation: You are very weak. (Str -4) [potion of
                  | mutation]
   109 | D        | Lost mutation: You are partially covered in iridescent
                  | scales. (AC +2) [potion of mutation]
   109 | D        | Lost mutation: You are very weak. (Str -4) [potion of
                  | mutation]
   109 | D        | Lost mutation: You are weak. (Str -2) [potion of mutation]
   109 | D        | Gained mutation: Your spells are a little harder to cast,
                  | but a little more powerful. [potion of mutation]
   110 | D        | Lost mutation: Your spells are a little harder to cast, but
                  | a little more powerful. [potion of mutation]
   110 | D        | Gained mutation: Your magical capacity is low. (-10% MP)
                  | [potion of mutation]
   111 | D        | Lost mutation: Your magical capacity is low. (-10% MP)
                  | [potion of mutation]
   111 | D        | Gained mutation: You have sharp toenails. [potion of
                  | mutation]
   112 | D        | Lost mutation: You have sharp toenails. [potion of
                  | mutation]
   112 | D        | Gained mutation: Your magical capacity is low. (-10% MP)
                  | [potion of mutation]
   112 | D        | Gained mutation: Your mind is acute. (Int +4, Str/Dex -1)
                  | [potion of mutation]
   112 | D        | Gained mutation: You are agile. (Dex +4, Str/Int -1)
                  | [potion of mutation]
   136 | D        | HP: 1/50 [drowned by a water elemental (6)]
   137 | D        | Drowned by a water elemental

Illustrated notes

Levels and vault maps discovered:
D:        dungeon_sprint_mu [sprint_mu_entry_forest, sprint_mu_temple_rooms,
          sprint_mu_d1_spiders, sprint_mu_d2_genie, sprint_mu_d3_branching,
          sprint_mu_orc_legion, sprint_mu_elf_gauntlet, sprint_mu_hive_nellie,
          sprint_mu_lair_fedhas, sprint_mu_vaults_butterflies,
          sprint_mu_slime_circle, sprint_mu_swamp_cave, sprint_mu_snake_twists,
          sprint_mu_blade_basic, sprint_mu_crypt_fortress,
          sprint_mu_tomb_spiral, sprint_mu_vestibule_basic,
          sprint_mu_gehenna_hellfire, sprint_mu_dis_giant,
          sprint_mu_tartarus_statrot, sprint_mu_cocytus_islands, sprint_mu_zot1]

Skill      XL: |  1  2  3 |
---------------+----------+-----
Fighting       | 3 4 5 |  5.0
Dodging        | 3 4 |  4.9
Unarmed Combat | 4 5 |  5.9

Action                     |  1- 3 |  4- 6 || total
---------------------------+-------+-------++-------
  Melee: Unarmed           |    26 |     5 ||    31
    Use: Potion            |       |     6 ||     6
 Armour: Animal skin       |    13 |     2 ||    15
  Dodge: Dodged            |     5 |     3 ||     8

Table legend: (Time is in decaauts)
 A = Elapsed time spent in this place.
 B = Non-inter-level travel time spent in this place.
 C = Inter-level travel time spent in this place.
 D = Time resting spent in this place.
 E = Time spent auto-exploring this place.
 F = Levels seen in this place.
 G = Mean time per level.
                   A        B        C        D        E       F      G
               +--------+--------+--------+--------+--------+-----+--------+
         Total |    134 |    122 |     12 |      0 |     61 |   1 |  134.0 |
       Dungeon |    134 |    122 |     12 |      0 |     61 |   1 |  134.0 |
               +--------+--------+--------+--------+--------+-----+--------+

Top non-repeatable levels by time:
       D: 134 daAuts
